 Dungeon Crawl Stone Soup version 0.31-a0-690-g7ce4588941 (webtiles) character file.

Game seed: 8833873020189226382

1568 Ordine the Covert (level 8, -2/40 HPs)
             Began as a Spriggan Enchanter on Sept 6, 2023.
             Was an Initiate of Dithmenos.
             Slain by a wight
             ... wielding a +6 great sword of freezing
              (9 damage)
             ... on level 6 of the Dungeon.
             The game lasted 00:19:56 (7521 turns).

Ordine the Covert (Spriggan Enchanter)              Turns: 7521, Time: 00:19:57

Health: -2/40      AC:  3    Str:  4    XL:     8   Next: 59%
Magic:  15/15      EV: 20    Int: 19    God:    Dithmenos [......]
Gold:   280        SH:  5    Dex: 15    Spells: 10/15 levels left

rFire   . . .        a - +0 dagger (elec)
rCold   . . .        (no shield)
rNeg    . . .        k - +0 robe
rPois   .            (helmet restricted)
rElec   .            s - +0 cloak
rCorr   .            (gloves unavailable)
SInv    +            (boots unavailable)
Will    ++...        A - amulet of reflection
Stlth   ++++         D - ring of willpower
HPRegen 0.26/turn    (no ring)
MPRegen 0.14/turn

%: reflection
@: very quick
A: very small, no large weapons, unfitting armour, see invisible, speed 3
a: Renounce Religion


You were on level 6 of the Dungeon.
You worshipped Dithmenos.
Dithmenos was noncommittal.
You visited 2 branches of the dungeon, and saw 8 of its levels.

You collected 280 gold pieces.

Inventory:

Hand Weapons
 a - a +0 dagger of electrocution (weapon)
 b - the +3 war axe of the Shrieking God {freeze, rElec}
   (You found it on level 2 of the Dungeon)

   rElec:     It insulates you from electricity.
Armour
 k - a +0 robe (worn)
 s - a +0 cloak (worn)
Magical Staves
 x - a staff of fire
Jewellery
 A - an amulet of reflection (around neck)
 D - a ring of willpower (left hand)
Talismans
 h - a maw talisman
Wands
 r - a wand of charming (11)
 v - a wand of acid (15)
 B - a wand of polymorph (7)
 E - a wand of flame (15)
Scrolls
 e - 3 scrolls of teleportation {unknown}
 g - 7 scrolls of identify {unknown}
 i - 2 scrolls of enchant armour {unknown}
 j - a scroll of vulnerability {unknown}
 q - a scroll of amnesia {unknown}
 t - a scroll of enchant weapon {unknown}
 y - 3 scrolls of fog {unknown}
 F - a scroll of noise {unknown}
 G - a scroll of poison {unknown}
Potions
 c - 2 potions of invisibility
 d - 2 potions of haste {unknown}
 f - a potion of berserk rage {unknown}
 l - a potion of heal wounds {unknown}
 m - 2 potions of lignification {unknown}
 n - 2 potions of attraction {unknown}
 o - a potion of might {unknown}
 p - 2 potions of cancellation {unknown}
 u - a potion of experience {unknown}
 w - a potion of curing {unknown}
 z - a potion of magic {unknown}
 C - 2 potions of degeneration {unknown}


   Skills:
 - Level 3.0 Fighting
 - Level 5.0 Short Blades
 + Level 6.7 Dodging
 - Level 8.0 Stealth
 - Level 4.0 Spellcasting
 - Level 8.0 Hexes


You had 10 spell levels left.
You knew the following spells:

 Your Spells              Type           Power      Damage    Failure   Level
a - Ensorcelled Hibernat  Hex/Ice        38%        N/A       4%          2
b - Confusing Touch       Hex            34%        N/A       1%          3

Your spell library contained the following spells:

 Spells                   Type           Power      Damage    Failure   Level
 Tukima's Dance           Hex            34%        N/A       1%          3
 Dazzling Flash           Conj/Hex       38%        N/A       8%          3
 Wereblood                Tmut           3%         N/A       21%         2
 Silence                  Hex/Air        9%         N/A       58%         5
 Airstrike                Air            1%         2d(1-17)  80%         4
 Irradiate                Conj/Tmut      1%         3d12      98%         5
 Plasma Beam              Fire/Air       1%         2x1d11    100%        6


Dungeon Overview and Level Annotations

Branches:
Dungeon (7/15)             Temple (1/1) D:6

Altars:
Ashenzari
Cheibriados
Dithmenos
Elyvilon
Fedhas
Gozag
Hepliaklqana
Kikubaaqudgha
Makhleb
Nemelex Xobeh
Okawaru
Qazlal
Sif Muna
Trog
Uskayaw
Vehumet
Wu Jian
Xom
Yredelemnul
Zin
The Shining One


Innate Abilities, Weirdness & Mutations

You are very small and have problems with some larger weapons.
You are too small for most types of armour.
You have supernaturally acute eyesight. (SInv)
You cover ground extremely quickly. (Speed+++)


Message History

You kill the kobold!
Dithmenos accepts your kill. The kobold hits you but does no damage.
You hit the kobold.
You kill the kobold!
Dithmenos accepts your kill.
No target in view!
No target in view!
Things that are here:
a +0 whip; a +0 trident
Items here: ( )) †.
Okay, then.
Things that are here:
a +0 whip; 6 poisoned darts; a kobold corpse You start resting.
HP restored.
You start resting.
Magic restored.
There is a stone staircase leading down here.
Things that are here:
a +0 whip; 6 poisoned darts; a kobold corpse
Okay, then.
There is a stone staircase leading down here.
You climb downwards.
The wight completely misses you.
The kobold throws a stone.
The stone barely misses you. You block the kobold's attack.
The kobold throws a stone.
The stone hits you but does no damage. The kobold hits you with a +0 club.
The wight hits you with a +6 great sword of freezing!
The wight freezes you.
The kobold throws a poisoned dart.
The poisoned dart closely misses you.
The kobold throws a stone.
The stone closely misses you.
There is a stone staircase leading up, spattered with blood here.
The wight closely misses you. The kobold barely misses you.
You climb upwards.
There is a stone staircase leading down here.
The wight attacks as it pursues you!
The wight hits you with a +6 great sword of freezing!!
* * * LOW HITPOINT WARNING * * *
The wight freezes you!
You die...

###.#..###..# #........# #.#
............# #........# #.#
....##.#.#.## #........# #.#
....##.#...#####........# #.#
....##.###..............# #.#
....##.# #...####....[..# #.#
....##.# ###...###.))<### #.#
....##.# ###.....#()#.#########.#
..####<###......@z>K#............
..# #.........#.#..#########.###
..## #..#.###..#.#..####### #....
...###..#......#.#........# #####
#..........###.#.#.###888## #
#..#.......###......#8...8## #
#..#.#............###8.>...#### #
#......#.########[#..8...8....# #
#.##.#.#.# #....#888####.# #


You could see a wight and a kobold.

Vanquished Creatures
  Grinder (D:3)
  Menkaure (D:6)
  Edmund (D:5)
  2 ogres
  A centaur (D:6)
  A kobold brigand (D:6)
  5 hounds
  An orc priest (D:5)
  Jessica (D:3)
  9 orc wizards
  3 sleepcaps
  Natasha (thrice) (D:2)
  2 iguanas (D:5)
  8 adders
  A shadow imp (D:6)
  An ufetubus (D:5)
  2 worms (D:2)
  3 dart slugs
  19 orcs
  7 ball pythons
  6 bats
  12 endoplasms
  2 giant cockroaches
  6 goblins
  6 hobgoblins
  6 jackals (D:2)
  6 quokkas
  4 frilled lizards
  7 kobolds
  4 rats
131 creatures vanquished.

Notes
Turn   | Place    | Note
-------+----------+-------------------------------------------
     0 | D:1      | Ordine the Spriggan Enchanter began the quest for the Orb.
     0 | D:1      | Reached XP level 1. HP: 9/9 MP: 5/5
   133 | D:1      | Reached skill level 5 in Stealth
   133 | D:1      | Reached XP level 2. HP: 8/13 MP: 6/6
   137 | D:1      | Learned a level 2 spell: Ensorcelled Hibernation
   616 | D:1      | Reached XP level 3. HP: 16/16 MP: 8/8
  1435 | D:2      | Noticed Natasha
  1445 | D:2      | Killed Natasha
  1474 | D:2      | Reached XP level 4. HP: 21/21 MP: 0/9
  1479 | D:2      | Learned a level 3 spell: Confusing Touch
  1638 | D:2      | Found a faded altar of an unknown god.
  1824 | D:2      | Noticed Natasha
  2003 | D:2      | Identified the +3 war axe of the Shrieking God {freeze,
                  | rElec}
  2446 | D:2      | Killed Natasha
  2604 | D:2      | Noticed Natasha
  2609 | D:2      | Killed Natasha
  2610 | D:2      | Reached XP level 5. HP: 24/24 MP: 7/10
  2764 | D:3      | Noticed Grinder
  3449 | D:3      | Got Sif Muna's Discursus on the Atmosphere
  3481 | D:3      | Paralysed by Grinder for 2 turns
  3490 | D:3      | Killed Grinder
  3491 | D:3      | Reached XP level 6. HP: 23/28 MP: 8/12
  3993 | D:3      | Noticed Jessica
  3998 | D:3      | Killed Jessica
  4518 | D:4      | Reached skill level 5 in Short Blades
  4518 | D:4      | Reached skill level 5 in Hexes
  4549 | D:4      | Reached XP level 7. HP: 32/32 MP: 11/14
  5039 | D:5      | Entered Level 5 of the Dungeon
  5182 | D:5      | Noticed Edmund
  5189 | D:5      | Killed Edmund
  5701 | D:5      | You fall into a shaft and drop 1 floor!
  5954 | D:6      | Reached skill level 1 in Fighting
  5954 | D:6      | Reached XP level 8. HP: 37/37 MP: 15/15
  6376 | D:6      | Noticed Menkaure
  6477 | D:6      | Killed Menkaure
  6478 | D:6      | Reached skill level 5 in Dodging
  6639 | D:6      | Found a staircase to the Ecumenical Temple.
  7001 | Temple   | Entered the Ecumenical Temple
  7034 | Temple   | Became a worshipper of Dithmenos the Shadowed
  7521 | D:6      | Slain by a wight

Illustrated notes

Levels and vault maps discovered:
D:1:      evilmike_arrival_hilbert_curve, layout_basic,
          chequers_serial_rivers_micro_a
D:2:      layout_basic, basic_ecumenical_altar, dk_noncrumbling_4,
          chequers_serial_rivers_micro_b, uniq_natasha
D:3:      layout_basic, nrook_campfire, minmay_circle_x, uniq_jessica,
          uniq_grinder
D:4:      layout_cave_pools, item_on_display_a
D:5:      layout_basic, chequers_serial_rivers_micro_e, uniq_edmund
D:6:      layout_basic, minmay_temple_entry_statues, uniq_menkaure
D:7:      layout_rooms, ebering_ghost_disaster_area, feat_on_display,
          uniq_prince_ribbit1, uniq_maggie
Temple:   kilobyte_greek_temple

Skill      XL: |  1  2  3  4  5  6  7  8 |
---------------+-------------------------+-----
Stealth        | 5 6 7 8 |  8.0
Short Blades   | 2 3 4 5 |  5.0
Spellcasting   | 3 4 |  4.0
Hexes          | 4 5 8 |  8.0
Dodging        | 3 6 |  6.7
Fighting       | 1 3 |  3.0

Action                     |  1- 3 |  4- 6 |  7- 9 || total
---------------------------+-------+-------+-------++-------
  Melee: Dagger            |    83 |   102 |    87 ||   272
         Punch             |     1 |     1 |       ||     2
   Cast: Ensorcelled Hiber |    11 |    52 |    53 ||   116
         Confusing Touch   |       |     1 |     4 ||     5
   Stab: Sleeping          |    15 |    39 |    40 ||    94
         Distracted        |     1 |       |       ||     1
         Confused          |       |     2 |     4 ||     6
 Armour: Robe              |    18 |    45 |    38 ||   101
  Dodge: Dodged            |    62 |    85 |    90 ||   237
  Block: Other             |       |       |    17 ||    17

Table legend: (Time is in decaauts)
 A = Elapsed time spent in this place.
 B = Non-inter-level travel time spent in this place.
 C = Inter-level travel time spent in this place.
 D = Time resting spent in this place.
 E = Time spent auto-exploring this place.
 F = Levels seen in this place.
 G = Mean time per level.
                   A        B        C        D        E       F      G
               +--------+--------+--------+--------+--------+-----+--------+
         Total |   5593 |   5189 |    404 |    879 |   3348 |   8 |  699.1 |
       Dungeon |   5552 |   5187 |    365 |    879 |   3348 |   7 |  793.1 |
        Temple |     40 |      2 |     38 |      0 |      0 |   1 |   40.0 |
               +--------+--------+--------+--------+--------+-----+--------+

Top non-repeatable levels by time:
     D:2: 1663 daAuts
     D:6: 922 daAuts
     D:1: 855 daAuts
     D:5: 851 daAuts
     D:3: 835 daAuts
     D:4: 412 daAuts
  Temple: 40 daAuts
     D:7: 11 daAuts
